 Dungeon Crawl Stone Soup version 0.29.0-11-gd7f09526c8 (webtiles) character file.

Game seed: 10052278927672053572

11942 Strat the Destroyer (level 11, -5/72 HPs)
             Began as a Deep Elf Conjurer on Sept 4, 2022.
             Was a Believer of Vehumet.
             Slain by a five-headed hydra (10 damage)
             ... on level 2 of the Lair of Beasts.
             The game lasted 00:41:04 (16068 turns).

Strat the Destroyer (Deep Elf Conjurer)            Turns: 16068, Time: 00:41:06

Health: -5/72      AC:  9    Str:  6    XL:     11   Next: 55%
Magic:  5/27       EV: 17    Int: 26    God:    Vehumet [**....]
Gold:   746        SH:  0    Dex: 19    Spells: 15/30 levels left

rFire   . . .      SeeInvis .   a - staff of conjuration
rCold   . . .      Faith    .   (no shield)
rNeg    . . .      Spirit   .   R - +0 troll leather armour
rPois   +          Reflect  .   q - +0 helmet
rElec   .          Harm     .   B - +2 cloak {Will+}
rCorr   .          Rampage  .   (no gloves)
Will    ++...                   J - +0 pair of boots
Stlth   ++........              (no amulet)
HPRegen 1.02/turn               s - ring of poison resistance
MPRegen 0.20/turn               O - +6 ring of dexterity

@: no status effects
A: no striking features
a: Renounce Religion


You were on level 2 of the Lair of Beasts.
You worshipped Vehumet.
Vehumet was pleased with you.
You visited 3 branches of the dungeon, and saw 14 of its levels.

You collected 821 gold pieces.
You spent 75 gold pieces at shops.

Inventory:

Hand Weapons
 b - a +2 dagger of venom
 A - a +0 vampiric rapier
 C - the +6 shillelagh "Devastator" {shatter}
   (You found it on level 5 of the Dungeon)

   It releases a powerful concussive burst when it strikes, dealing extra damage
   to the target and all other foes adjacent to them.
Armour
 j - a +0 robe
 q - a +0 helmet (worn)
 B - a +2 cloak of willpower (worn)
 G - a +0 buckler
 J - a +0 pair of boots (worn)
 R - a +0 troll leather armour (worn)
Magical Staves
 a - a staff of conjuration (weapon)
Jewellery
 h - a +6 ring of intelligence
 s - a ring of poison resistance (left hand)
 w - a ring of positive energy
 y - a ring of resist corrosion
 H - an amulet of magic regeneration
 K - a +6 ring of strength
 M - a ring of flight
 O - a +6 ring of dexterity (right hand)
Wands
 m - a wand of charming (17)
 D - a wand of light (4)
 L - a wand of digging (4)
 N - a wand of roots (15)
 Q - a wand of flame (49)
Scrolls
 d - 3 scrolls of enchant weapon
 f - 3 scrolls of butterflies
 k - 8 scrolls of enchant armour
 n - a scroll of noise
 I - 2 scrolls of poison
 S - a scroll of identify
 T - a scroll of amnesia
Potions
 c - 3 potions of might
 e - 2 potions of cancellation
 g - a potion of invisibility
 i - a potion of resistance
 l - 2 potions of flight
 o - 3 potions of magic
 p - a potion of ambrosia
 r - 2 potions of lignification
 t - 3 potions of heal wounds
 u - 3 potions of haste
 v - 2 potions of curing
 x - a potion of mutation
 z - 3 potions of brilliance
 E - 2 potions of degeneration {unknown}
 P - 2 potions of attraction {unknown}


   Skills:
 - Level 10.0 Fighting
 + Level 1.9 Armour
 - Level 10.0 Dodging
 - Level 2.4 Stealth
 + Level 1.9 Shields
 - Level 10.0 Spellcasting
 - Level 10.0 Conjurations
 - Level 4.0 Hexes


You had 15 spell levels left.
You knew the following spells:

 Your Spells              Type           Power      Damage    Failure   Level
a - Magic Dart            Conj           100%       1d8       1%          1
b - Searing Ray           Conj           100%       2d8       1%          2
c - Fulminant Prism       Conj/Hex       32%        3d16      3%          4
d - Dazzling Flash        Conj/Hex       100%       N/A       1%          3
e - Sandblast             Erth           26%        2d8       7%          1
f - Iskenderun's Mystic   Conj/Tloc      55%        2d12      9%          4

Your spell library contained the following spells:

 Spells                   Type           Power      Damage    Failure   Level
 Static Discharge         Conj/Air       55%        3-10/arc  1%          2
 Confusing Touch          Hex            33%        N/A       4%          3
 Poisonous Vapours        Pois/Air       26%        N/A       11%         2
 Sublimation of Blood     Necr           13%        N/A       11%         2
 Wereblood                Tmut           13%        N/A       11%         2
 Lightning Bolt           Conj/Air       27%        1d44      24%         5
 Corpse Rot               Necr/Pois/Air  13%        N/A       56%         4
 Yara's Violent Unravell  Hex/Tmut       11%        3d6       63%         5
 Enfeeble                 Hex            16%        N/A       100%        7
 Summon Hydra             Summ           6%         N/A       100%        7
 Maxwell's Capacitive Co  Air            6%         ∞         100%        8


Dungeon Overview and Level Annotations

Branches:
Dungeon (11/15)            Temple (1/1) D:7            Lair (2/5) D:10
    Orc (0/2) D:9
  Swamp: Lair:2-3    Shoals: Lair:2-3     Snake: Lair:2-3    Spider: Lair:2-3

Altars:
Ashenzari
Cheibriados
Dithmenos
Elyvilon
Fedhas
Gozag
Hepliaklqana
Kikubaaqudgha
Makhleb
Nemelex Xobeh
Okawaru
Qazlal
Ru
Sif Muna
Trog
Uskayaw
Vehumet
Wu Jian
Xom
Yredelemnul
Zin
The Shining One
Lugonu

Shops:
D:1 *   D:6 *   D:7 *

Annotations:
D:7 2 transporters, Persephone's ghost, novice FoHu
D:8 Gastronok


Message History

The five-headed hydra barely misses you.
Your magical contamination has completely faded away.
The searing ray hits the five-headed hydra!
The five-headed hydra is severely wounded.
The five-headed hydra completely misses you.
The five-headed hydra barely misses you.
The five-headed hydra bites you!
* * * LOW HITPOINT WARNING * * *
The five-headed hydra bites you!
* * * LOW HITPOINT WARNING * * *
The five-headed hydra closely misses you.
You feel much better.
The five-headed hydra bites you but does no damage.
The five-headed hydra closely misses you.
The five-headed hydra bites you but does no damage.
The five-headed hydra closely misses you.
The five-headed hydra bites you.
* * * LOW HITPOINT WARNING * * *
The five-headed hydra closely misses you.
The five-headed hydra bites you.
* * * LOW HITPOINT WARNING * * *
The five-headed hydra bites you.
* * * LOW HITPOINT WARNING * * *
The five-headed hydra barely misses you.
The five-headed hydra bites you but does no damage.
Casting: Searing Ray (safe; 1% risk of failure)
Confirm with . or Enter, or press ? or * to list all spells.
Aiming: Searing Ray (safe; 1% risk of failure)
Press: ? - help, Shift-Dir - straight line, f/p - five-headed hydra
Aim: a five-headed hydra (severely wounded, 94% to hit)
You feel a surge of power!
The searing ray hits the five-headed hydra!
The five-headed hydra is almost dead. (Press . to maintain the ray.)
The five-headed hydra bites you.
* * * LOW HITPOINT WARNING * * *
The five-headed hydra completely misses you.
The five-headed hydra barely misses you.
The five-headed hydra bites you!
You die...

#..........#.....
#................
#................
##................
#.................
##................
#...........[....
##..........P.####
#@D..........##
##..........##
##.P#.###.##
###### ###


You could see a five-headed hydra.

Vanquished Creatures
  2 hydras
  A two-headed ogre (D:10)
  A black mamba (Lair:2)
  Maurice (D:9)
  3 cane toads
  A rime drake (Lair:2)
  A troll (D:10)
  A polar bear (Lair:2)
  A blink frog (Lair:2)
  12 yaks
  A shadow (D:10)
  3 steam dragons
  3 basilisks
  4 water moccasins
  Duvessa (D:7)
  7 orc warriors
  A sky beast (D:8)
  An ice beast (D:7)
  2 black bears
  An ogre (D:7)
  2 centaurs
  A kobold brigand (D:9)
  A phantom (D:4)
  11 bullfrogs
  A necrophage (D:5)
  5 scorpions
  Dowan (D:7)
  8 killer bees
  A lava snake (Lair:2)
  4 hounds
  2 jellies
  Crazy Yiuf (D:5)
  7 orc priests
  4 iguanas
  7 orc wizards
  2 adders
  2 white imps
  An ufetubus (D:6)
  4 worms
  5 dart slugs
  49 orcs
  5 ball pythons
  4 bats
  5 endoplasms
  A giant cockroach (D:3)
  6 goblins
  6 hobgoblins
  9 jackals (D:2)
  7 quokkas
  2 frilled lizards
  9 kobolds
  2 rats
  A spectral orc (D:8)
  5 fulminant prisms
229 creatures vanquished.

Vanquished Creatures (collateral kills)
  A two-headed ogre (D:9)
  A manticore (D:9)
  5 orcs (D:9)
  2 goblins (D:9)
  2 hobgoblins (D:9)
11 creatures vanquished.

Vanquished Creatures (others)
  45 fulminant prisms
  24 fungi
  15 plants
84 creatures vanquished.

Grand Total: 324 creatures vanquished

Notes
Turn   | Place    | Note
-------+----------+-------------------------------------------
     0 | D:1      | Strat the Deep Elf Conjurer began the quest for the Orb.
     0 | D:1      | Reached XP level 1. HP: 10/10 MP: 6/6
   102 | D:1      | Found a faded altar of an unknown god.
   294 | D:1      | Found Puypheza's Assorted Antiques.
   303 | D:1      | Reached XP level 2. HP: 15/15 MP: 4/8
   340 | D:1      | Learned a level 2 spell: Searing Ray
   988 | D:2      | Reached skill level 5 in Conjurations
  1084 | D:2      | Reached XP level 3. HP: 17/20 MP: 7/10
  1330 | D:2      | Reached skill level 1 in Fighting
  1885 | D:2      | Reached XP level 4. HP: 25/25 MP: 0/11
  2169 | D:3      | Found a sacrificial altar of Ru.
  3056 | D:3      | Found a burning altar of Makhleb.
  3503 | D:4      | Reached XP level 5. HP: 24/29 MP: 9/13
  3642 | D:4      | Noticed a phantom
  3660 | D:4      | Learned a level 4 spell: Fulminant Prism
  3667 | D:4      | Learned a level 3 spell: Dazzling Flash
  3946 | D:4      | Found an ornate altar of the Wu Jian Council.
  4008 | D:4      | Found an iron altar of Okawaru.
  4276 | D:4      | Killed a phantom
  4526 | D:5      | Entered Level 5 of the Dungeon
  4545 | D:5      | Reached XP level 6. HP: 34/34 MP: 8/14
  4748 | D:5      | Found a broken altar of Ashenzari.
  5015 | D:5      | Found a snail-covered altar of Cheibriados.
  5085 | D:5      | Found a hide-covered altar of Uskayaw.
  5258 | D:5      | Reached skill level 5 in Spellcasting
  5263 | D:5      | Reached XP level 7. HP: 33/39 MP: 8/16
  5337 | D:5      | Found a runed translucent door.
  5337 | D:5      | Found the +6 shillelagh "Devastator" {shatter}
  5338 | D:5      | Noticed Crazy Yiuf
  5452 | D:5      | Killed Crazy Yiuf
  5558 | D:6      | Found Joluff's General Store.
  6795 | D:6      | Reached XP level 8. HP: 44/44 MP: 15/20
  6870 | D:7      | Found a transporter.
  6871 | D:7      | Noticed Persephone's ghost (novice FoHu)
  6953 | D:7      | Found a stormy altar of Qazlal.
  6972 | D:7      | Reached skill level 1 in Hexes
  7042 | D:7      | Found a transporter.
  7061 | D:7      | Reached skill level 5 in Dodging
  7077 | D:7      | Noticed Duvessa
  7192 | D:7      | Found a staircase to the Ecumenical Temple.
  7243 | D:7      | Noticed Dowan
  7251 | Temple   | Entered the Ecumenical Temple
  7295 | Temple   | Became a worshipper of Vehumet
  7336 | D:7      | Killed Duvessa
  7396 | D:7      | Killed Dowan
  7877 | D:7      | Found Ofepn's General Store.
  7885 | D:7      | Bought a potion of heal wounds for 75 gold pieces
  8638 | D:8      | Found a basalt altar of Yredelemnul.
  8688 | D:8      | Found a shadowy altar of Dithmenos.
  8734 | D:8      | Noticed Gastronok
  8843 | D:8      | Reached XP level 9. HP: 36/49 MP: 16/23
  9120 | D:8      | Found a shimmering blue altar of Sif Muna.
  9205 | D:9      | Noticed Maurice
  9215 | D:9      | Killed Maurice
  9216 | D:9      | Reached skill level 10 in Conjurations
  9347 | D:9      | Noticed a manticore
  9366 | D:9      | Found a flagged portal.
  9384 | D:9      | Killed a manticore
  9385 | D:9      | Reached skill level 10 in Spellcasting
  9441 | D:9      | Reached * piety under Vehumet
  9441 | D:9      | Offered knowledge of Foxfire by Vehumet.
  9717 | D:9      | Reached skill level 5 in Fighting
 10061 | D:9      | Noticed a two-headed ogre
 10079 | D:9      | Killed a two-headed ogre
 10080 | D:9      | Reached XP level 10. HP: 26/61 MP: 20/26
 10271 | D:9      | Found a bloodstained altar of Trog.
 10715 | D:9      | Noticed a gargoyle
 11767 | D:9      | Found a staircase to the Orcish Mines.
 11883 | D:10     | Entered Level 10 of the Dungeon
 11929 | D:10     | Noticed a two-headed ogre
 11939 | D:10     | Killed a two-headed ogre
 12738 | D:10     | Offered knowledge of Sandblast by Vehumet.
 12778 | D:10     | Found a staircase to the Lair.
 12869 | D:10     | Found an ancient bone altar of Kikubaaqudgha.
 12879 | D:10     | Reached ** piety under Vehumet
 13139 | D:10     | Found a hazy altar of Hepliaklqana.
 13508 | D:10     | Learned a level 1 spell: Sandblast
 13509 | D:11     | Noticed a boulder beetle
 13543 | D:11     | Noticed a five-headed hydra
 13672 | Lair:1   | Entered Level 1 of the Lair of Beasts
 13806 | Lair:1   | Noticed a seven-headed hydra
 14093 | Lair:1   | Killed a seven-headed hydra
 14094 | Lair:1   | Reached XP level 11. HP: 59/71 MP: 11/27
 15005 | Lair:2   | Noticed a five-headed hydra
 15122 | Lair:2   | Noticed an eight-headed hydra
 15140 | Lair:2   | Killed an eight-headed hydra
 15283 | Lair:2   | Reached skill level 10 in Fighting
 15406 | Lair:2   | Learned a level 4 spell: Iskenderun's Mystic Blast
 15624 | Lair:2   | Reached skill level 10 in Dodging
 15747 | Lair:2   | Reached skill level 1 in Armour
 15747 | Lair:2   | Reached skill level 1 in Shields
 16068 | Lair:2   | Slain by a five-headed hydra

Illustrated notes

Levels and vault maps discovered:
D:1:      dpeg_arrival_another_circle, layout_basic,
          ebering_ecumenical_altar_webs, serial_shops, shop
D:2:      layout_basic, dk_noncrumbling_3
D:3:      minmay_chambers_of_twos, layout_loops_cross,
          mainiacjoe_overflow_catwalk, mainiacjoe_overflow_alcove_2
D:4:      layout_cave_pods, lemuel_crystal_altar, kennysheep_little_box
D:5:      layout_rooms, mainiacjoe_overflow_small_starburst,
          nicolae_uskayaw_murder_on_the_dancefloor, cheibrodos_ashenzari_chains,
          uniq_crazy_yiuf_cottage
D:6:      wander_river, layout_cave_pools, serial_shops, shop_fountains,
          hellmonk_bongcloud_opening, minmay_circle_x
D:7:      layout_basic, nicolae_qazlal_general_emergency,
          minmay_temple_entry_tees, serial_shops, shop,
          gammafunk_ghost_stat_death, uniq_duvessa
D:8:      layout_rooms, lemuel_tele_altar, yredelemnul_forgotten_temple_becter,
          lemuel_blue_sif_altar, uniq_gastronok
D:9:      layout_loops_ring, kennysheep_mini_moat, erik_orc_4, enter_bailey_4,
          uniq_maurice
D:10:     layout_basic, nicolae_overflow_crystal_walls,
          nicolae_hepliaklqana_hippocampus, grunt_lair_entry_orc_guard_hut,
          minmay_curled_crystal
D:11:     layout_rooms, kennysheep_cross_bottleneck, dreamdust_gnoll_shepherd,
          uniq_harold
Temple:   corrupted_temple
Lair:1:   layout_cave_pods, minivault_26, lemuel_old_faithful
Lair:2:   layout_gridlike

Skill      XL: |  1  2  3  4  5  6  7  8  9 10 11 |
---------------+----------------------------------+-----
Conjurations   | 5 6 7 8 9 10 | 10.0
Fighting       | 1 2 6 9 10 | 10.0
Spellcasting   | 4 5 6 8 10 | 10.0
Dodging        | 3 4 5 7 10 | 10.0
Hexes          | 3 4 |  4.0
Armour         | 1 |  1.9
Shields        | 1 |  1.9
Stealth        | |  2.4

Action                   |  1- 3 |  4- 6 |  7- 9 | 10-12 || total
-------------------------+-------+-------+-------+-------++-------
Melee: Hand axe          |     1 |       |       |       ||     1
       Rapier            |       |     1 |       |       ||     1
       Dagger            |       |     2 |    17 |    29 ||    48
       Staff             |       |       |       |     6 ||     6
       Punch             |       |       |       |     1 ||     1
 Cast: Magic Dart        |    44 |     7 |     3 |       ||    54
       Searing Ray       |    13 |    44 |    56 |    76 ||   189
       Dazzling Flash    |       |       |     3 |     4 ||     7
       Fulminant Prism   |       |       |    12 |    38 ||    50
Evoke: Wand              |       |       |     3 |     4 ||     7
  Use: Scroll            |       |    11 |     5 |    17 ||    33
       Potion            |       |       |       |     4 ||     4
 Stab: Sleeping          |       |     1 |     1 |     1 ||     3
Armor: Robe              |     2 |     4 |    27 |    23 ||    56
       Troll leather arm |       |       |       |    51 ||    51
Dodge: Dodged            |     5 |    26 |    72 |   178 ||   281
